 Dungeon Crawl Stone Soup version 0.25-a0-482-g9b3b753f3f (webtiles) character file.

Game seed: 6354412601836836631, levelgen mode: deterministic

5947 DerDa the Thaumaturge (level 10, 0/50 HPs)
             Began as a Deep Elf Fire Elementalist on Feb 10, 2020.
             Blown up by a great orb of eyes (27 damage)
             ... with a disintegration bolt
             ... on level 9 of the Dungeon.
             The game lasted 00:26:44 (7176 turns).

DerDa the Thaumaturge (Deep Elf Fire Elementalist)  Turns: 7176, Time: 00:26:48

Health: 0/50       AC:  5    Str: 10    XL:     10   Next: 54%
Magic:  19/36      EV: 17    Int: 24    God:
Gold:   211        SH:  0    Dex: 15    Spells: 21/31 levels left

rFire    . . .     SeeInvis .   s - +1 halberd (venom)
rCold    + . .     Gourm    .   (shield currently unavailable)
rNeg     . . .     Faith    .   b - +1 robe "Cewketab" {rPois Str+5} (curse)
rPois    +         Spirit   .   (no helmet)
rElec    .         Reflect  .   G - +0 cloak {rPois}
rCorr    .         Harm     .   f - +0 pair of gloves
MR       +....                  (no boots)
Stlth    ++........             y - amulet of regeneration
HPRegen  0.56/turn              K - ring of protection from cold
MPRegen  0.25/turn              q - ring of magical power

@: no status effects
A: no striking features
a: no special abilities


You were on level 9 of the Dungeon.
You were not hungry.

You visited 2 branches of the dungeon, and saw 10 of its levels.

You collected 342 gold pieces.
You spent 131 gold pieces at shops.

Inventory:

Hand Weapons
 s - a +1 halberd of venom (weapon)
 C - a +3 short sword
 H - a +4 quarterstaff of chaos
 I - a +4 war axe
 L - a cursed -1 trident
 N - a +5 spear
 Q - a +0 spear of flaming
 S - the +5 short sword of Fate {vorpal, rPois MR+}
   (You found it on level 8 of the Dungeon)

   It inflicts extra damage upon your enemies.
   It protects you from poison.
   It affects your resistance to hostile enchantments.
Missiles
 k - 238 stones
 o - 20 poisoned darts (quivered)
 t - 8 boomerangs of dispersal
Armour
 b - the cursed +1 robe "Cewketab" (worn) {rPois Str+5}
   (You bought it in a shop on level 6 of the Dungeon)

   It affects your strength (+5).
   It protects you from poison.
   If you remove this armour, your AC will decrease by 3 (5 -> 2).
   It has a curse placed upon it.
 f - a +0 pair of gloves (worn)
 w - a +0 cloak
 G - a +0 cloak of poison resistance (worn)
Jewellery
 q - a ring of magical power (right hand)
 y - an amulet of regeneration (around neck)
 z - a +3 ring of dexterity
 K - a ring of protection from cold (left hand)
 M - an uncursed ring of flight {unknown}
 O - an uncursed ring of protection from cold
Wands
 v - a wand of iceblast (7)
 x - a wand of polymorph (10)
 D - a wand of disintegration (19)
 E - a wand of random effects (21)
Scrolls
 g - 3 scrolls of enchant weapon
 h - 3 scrolls of brand weapon {unknown}
 j - 3 scrolls of immolation
 l - 3 scrolls of remove curse
 m - 2 scrolls of magic mapping
 p - a scroll of random uselessness {unknown}
 r - 3 scrolls of fear {unknown}
 A - 2 scrolls of identify
 F - a scroll of blinking {unknown}
 J - 2 scrolls of teleportation
 P - a scroll of noise {unknown}
Potions
 a - a potion of brilliance {unknown}
 d - 2 potions of lignification
 e - 3 potions of curing
 i - 3 potions of heal wounds {unknown}
 n - 2 potions of ambrosia {unknown}
 u - a potion of degeneration {unknown}
 B - 2 potions of might {unknown}
 R - a potion of agility {unknown}
Comestibles
 c - 12 rations


   Skills:
 + Level 7.4 Dodging
 - Level 2.4 Stealth
 * Level 11.2 Spellcasting
 * Level 9.3 Conjurations
 * Level 9.7 Fire Magic
 + Level 2.7 Evocations


You had 21 spell levels left.
You knew the following spells:

 Your Spells              Type           Power        Failure   Level  Hunger
a - Foxfire               Conj/Fire      ####         1%          1    None
b - Sticky Flame          Conj/Fire      ######..     1%          4    None
c - Fireball              Conj/Fire      ######....   2%          5    ####...

Your spell library contained the following spells:

 Spells                   Type           Power        Failure   Level  Hunger
 Conjure Flame            Conj/Fire      ######..     1%          3    None
 Inner Flame              Hex/Fire       #####...     1%          3    None


Dungeon Overview and Level Annotations

Branches:
Dungeon (9/15)             Temple (1/1) D:4
   Lair: D:8-11         Orc: D:9-12

Altars:
Cheibriados
Dithmenos
Elyvilon
Fedhas
Gozag
Hepliaklqana
Kikubaaqudgha
Makhleb
Nemelex Xobeh
Okawaru
Qazlal
Ru
Trog
Vehumet
Xom
Yredelemnul
Zin
The Shining One

Shops:
D:6 [


Message History

The centaur warrior is almost dead.
The centaur warrior is covered in liquid flames!
The centaur warrior burns!
You kill the centaur warrior!
Your life force feels restored.
Casting: Sticky Flame (safe; 1% risk of failure)
Confirm with . or Enter, or press ? or * to list all spells.
Aiming: Sticky Flame (safe; 1% risk of failure)
Press: ? - help, Shift-Dir - straight line, f - great orb of eyes
Aim: a great orb of eyes The sticky flame hits the great orb of eyes but does no damage.
The great orb of eyes is covered in liquid flames!
The great orb of eyes burns!
You hit the great orb of eyes.
The great orb of eyes is lightly wounded.
The great orb of eyes burns!
The great orb of eyes gazes at you.
You are blasted!
Ouch! That really hurt!
You die...

######
.....##############
.##..##.......'.#.#
######.#########@.#
.....'.#%$+....G###
.....'.#|(+...ZF
######.#########
.##..##(. .....#
### ######


You could see a great orb of eyes (burning), a bullfrog and a worker ant zombie.

Vanquished Creatures
  Harold (D:7)
  A centaur warrior (D:9)
  A hippogriff (D:7)
  Sigmund (D:4)
  A yak (D:8)
  A wyvern (D:7)
  A human (D:8)
  Eustachio (D:4)
  3 hogs (D:8)
  Purgy (D:3)
  2 black bears
  3 sky beasts
  An ice beast (D:5)
  3 phantoms
  4 centaurs
  3 ogres
  4 necrophages (D:8)
  A bullfrog (D:3)
  A wyvern skeleton (D:6)
  A scorpion (D:6)
  A killer bee (D:6)
  6 wights
  2 crimson imps (D:7)
  2 bullfrog zombies
  2 hounds
  A centaur zombie (D:3)
  A jelly (D:7)
  A centaur skeleton (D:4)
  Crazy Yiuf (D:7)
  2 orc priests
  A gnoll shaman (D:6)
  2 orc wizards
  Jessica (D:3)
  An iguana (D:6)
  8 worker ants
  3 hound zombies
  A hound skeleton (D:6)
  A mummy (D:8)
  A worker ant zombie (D:8)
  8 gnolls
  7 adders
  2 shadow imps
  An ooze (D:2)
  5 worms
  A leopard gecko (D:6)
  14 orcs
  4 giant cockroaches
  4 goblins
  12 hobgoblins
  5 quokkas
  A ball python (D:5)
  3 bats
  2 frilled lizards (D:2)
  4 kobolds
  A leopard gecko zombie (D:8)
  A quokka skeleton (D:7)
  6 rats
154 creatures vanquished.

Vanquished Creatures (others)
  566 foxfires
566 creatures vanquished.

Grand Total: 720 creatures vanquished

Notes
Turn   | Place    | Note
-------+----------+-------------------------------------------
     0 | D:1      | DerDa the Deep Elf Fire Elementalist began the quest for
                  | the Orb.
     0 | D:1      | Reached XP level 1. HP: 10/10 MP: 6/6
   486 | D:1      | Reached XP level 2. HP: 15/15 MP: 5/8
   831 | D:2      | Reached XP level 3. HP: 19/19 MP: 1/10
   961 | D:2      | Reached skill level 4 in Spellcasting
   961 | D:2      | Reached XP level 4. HP: 24/24 MP: 4/12
  1469 | D:3      | Learned a level 4 spell: Sticky Flame
  1554 | D:3      | Noticed Purgy
  1561 | D:3      | Killed Purgy
  1561 | D:3      | Reached XP level 5. HP: 28/28 MP: 5/14
  1570 | D:3      | Noticed Jessica
  1576 | D:3      | Killed Jessica
  1576 | D:3      | Reached skill level 5 in Spellcasting
  1766 | D:3      | Reached XP level 6. HP: 32/32 MP: 10/16
  2003 | D:3      | Learned a level 5 spell: Fireball
  2058 | D:4      | Noticed Sigmund
  2094 | D:4      | Killed Sigmund
  2094 | D:4      | Reached skill level 6 in Spellcasting
  2094 | D:4      | Reached skill level 5 in Fire Magic
  2309 | D:4      | Reached XP level 7. HP: 36/36 MP: 13/18
  2429 | D:4      | Found a staircase to the Ecumenical Temple.
  2431 | D:4      | Noticed Eustachio
  2438 | D:4      | Killed Eustachio
  2449 | Temple   | Entered the Ecumenical Temple
  2686 | D:4      | Found a hazy altar of Hepliaklqana.
  2695 | D:4      | Found a shimmering altar of Xom.
  2696 | D:4      | Noticed a spectral ugly thing
  2824 | D:5      | Entered Level 5 of the Dungeon
  2920 | D:5      | Reached skill level 5 in Conjurations
  3198 | D:5      | Reached skill level 7 in Spellcasting
  3252 | D:5      | Reached XP level 8. HP: 41/41 MP: 20/20
  3837 | D:6      | Found Selu's Antique Armour Boutique.
  3843 | D:6      | Reached skill level 5 in Dodging
  3854 | D:6      | Bought a smoking robe for 131 gold pieces
  3864 | D:6      | Identified the cursed +1 robe "Cewketab" {rPois Str+5} (You
                  | bought it in a shop on level 6 of the Dungeon)
  4008 | D:6      | Reached skill level 8 in Spellcasting
  4713 | D:7      | Noticed Harold
  4750 | D:7      | Noticed a hippogriff
  4831 | D:7      | HP: 2/41 [ogre/+0 giant club (32)]
  4888 | D:7      | Reached XP level 9. HP: 34/45 MP: 7/23
  5056 | D:7      | Killed Harold
  5056 | D:7      | Reached skill level 9 in Spellcasting
  5423 | D:7      | Reached skill level 10 in Spellcasting
  5796 | D:7      | Found a runed translucent door.
  5797 | D:7      | Noticed Crazy Yiuf
  5802 | D:7      | Killed Crazy Yiuf
  5896 | D:7      | Reached skill level 1 in Evocations
  6075 | D:8      | Reached XP level 10. HP: 40/50 MP: 17/26
  6777 | D:8      | Got a jewelled short sword
  6777 | D:8      | Identified the +5 short sword of Fate {vorpal, rPois MR+}
                  | (You found it on level 8 of the Dungeon)
  7014 | D:8      | Reached skill level 11 in Spellcasting
  7164 | D:9      | Noticed a centaur warrior
  7164 | D:9      | Noticed a great orb of eyes
  7174 | D:9      | Killed a centaur warrior
  7176 | D:9      | Blown up by a great orb of eyes

Levels and vault maps discovered:
D:1:      minmay_arrival_split_and_join, layout_basic
D:2:      kennysheep_big_flooded_room, layout_basic, minmay_misc_feat_doors
D:3:      layout_rooms, uniq_jessica, uniq_purgy
D:4:      layout_loops_ring, regret_index_temple_of_mockery,
          minmay_temple_entry_proselytizer, first_ration, uniq_eustachio,
          uniq_sigmund
D:5:      layout_layer_cave, grunt_tough_drop
D:6:      layout_basic, serial_curves, eino_curves_02, eino_curves_04,
          serial_shops, nicolae_shop_trees, nicolae_benzene_ring,
          minmay_microvault
D:7:      layout_loops_ring, minivault_26, uniq_crazy_yiuf_cottage, uniq_harold
D:8:      layout_basic, serial_undead, serial_undead_a, serial_undead_f,
          serial_undead_e, serial_undead_d, serial_undead_e, serial_undead_f,
          grunt_livestock, chequers_serial_rivers_micro_a
D:9:      layout_loops_corners, nicolae_overflow_quartered_altars, wad_scary_box
Temple:   regret_index_temple_sphere_string

Skill      XL: |  1  2  3  4  5  6  7  8  9 10 |
---------------+-------------------------------+-----
Conjurations   | 2 3 4 5 6 8 9 |  9.3
Dodging        | 3 4 5 6 7 |  7.4
Spellcasting   | 4 5 6 7 8 10 11 | 11.2
Fire Magic     | 4 5 6 7 9 |  9.7
Evocations     | 1 2 |  2.7
Stealth        | |  2.4

Action                   |  1- 3 |  4- 6 |  7- 9 | 10-12 || total
-------------------------+-------+-------+-------+-------++-------
Melee: Flail             |       |       |     6 |       ||     6
       Short sword       |       |       |    97 |     1 ||    98
       War axe           |       |       |     2 |     6 ||     8
       Halberd           |       |       |       |     6 ||     6
Throw: Dart              |       |       |     2 |       ||     2
 Cast: Foxfire           |    43 |    89 |   193 |    48 ||   373
       Sticky Flame      |       |     2 |    26 |    18 ||    46
       Fireball          |       |       |    16 |     2 ||    18
  Use: Scroll            |       |       |     8 |       ||     8
  Eat: Chunk             |       |    17 |     7 |     4 ||    28
Armor: Robe              |     2 |     1 |    29 |     7 ||    39
Dodge: Dodged            |     9 |     3 |   127 |    33 ||   172

Table legend:
 A = Non-vault XP
 B = Vault XP
 C = Vault XP percentage of total XP
 D = Non-vault monster count
 E = Vault monster count
 F = Vault count percentage of total count
                 A         B        C        D         E       F
            +---------+---------+-------+---------+---------+-------
      Total |    4058 |    4438 |  52.2 |     124 |      30 |  19.5
            +---------+---------+-------+---------+---------+-------
        D:1 |      16 |       0 |   0.0 |      11 |       0 |   0.0
        D:2 |     123 |       4 |   3.1 |      26 |       2 |   7.1
        D:3 |     154 |     171 |  52.6 |      10 |       2 |  16.7
        D:4 |     112 |     463 |  80.5 |       5 |       3 |  37.5
        D:5 |     502 |      38 |   7.0 |      10 |       3 |  23.1
        D:6 |     623 |      61 |   8.9 |      25 |       1 |   3.8
        D:7 |    1776 |    1022 |  36.5 |      20 |       2 |   9.1
        D:8 |     650 |    1669 |  72.0 |      14 |      15 |  51.7
        D:9 |     102 |    1010 |  90.8 |       3 |       2 |  40.0
            +---------+---------+-------+---------+---------+-------
